Arrhythmia, chaotic female vampiric Convict ----- --------- |<..--- ------.......-- ------- ------- |...).---|.........--..| |.....| . .. --..|....|.---------|..| |.(_..| --+---|--.- --.|-.....---- ---- |.....| ------ --- |..| ..|-.| --|.........|--- ----- ---|--- |....| ..---|..|--.-..--- ----.|.%..|..----...-- |.| |..|.| --+-.....-.--...u....--+- -----..|....|.....---- |.| |..|.|--- -......--........d@......| ------ |..|.............---.-- ---|....| .......- ..--------|-- .-- |(.!%| --......---...........---- |.|..| ...{... -|.......@.| - |....| |........|...|...........---|.|..| -...... |*+[%!()%)| ---|-- ----....-------...---......-|.|--- --....- ----------- -- -%---.. |...-- --...|..---...|.--..|...|.... |. .........|..--- --.....|-....|........---... |... ..............-+---+-----..-|..........--....|-.. --- ....{....----...............|...`.......|-...|... ....... --+--.---------.........- |........ ....... |.| --.......-- |...|... ..--- |.+ ---...--- --..|... --- ----- -----.. Arrhythmia the Jail-bird Experience level: 9 Strength: 18 Dexterity: 11 Constitution: 20 Intelligence: 12 Wisdom: 7 Charisma: 7 Health: 0(96) Energy: 50(50) AC: 10 Gold: 0 Moves: 4763 Your Inventory: Tools L - an [uncursed] partly used [tallow] candle (lit) Spells known in the end: Name Level Category Fail Memory Your skills at the end: Fighting Skills shield [Basic / Basic] Weapon Skills sling [Basic / Skilled] Spellcasting Skills Final Attributes: You were haltingly aligned. Hunger level was 379. Your alignment was 1 / 33. Monster difficulty range was 1 - 7. Level difficulty was 6. You were immune to poison. You were immune to level-drain. You were immune to sickness. You could fly. You could survive without air. You regenerated. You were lucky (1). You are dead. Vanquished creatures: a watch captain 6 watchmen a leprechaun an ice vortex a black light a gnome king a dwarf lord 2 dust vortices an orc shaman a pony a fog cloud 8 gnome lords 3 gnomish wizards a kobold mummy 4 elf zombies a ghoul a paper golem 2 little dogs a kitten 9 dwarves a rothe 2 iguanas 2 acid blobs 2 coyotes 2 gas spores 4 hobbits a large kobold a hobgoblin 2 giant rats a yellow mold 44 gnomes 2 geckos 2 jackals 2 foxes a kobold a goblin 6 sewer rats 3 grid bugs 5 lichens 8 newts 139 creatures vanquished. Voluntary challenges: You went without food. You never hit with a wielded weapon. You read items or engraved 1 time. You put on armor 10 times. You never genocided any monsters. You never polymorphed an object. You never changed form. You used no wishes. You abstained from Elbereth's help. You never encountered a bones level. You never used any Sokoban shortcuts. Dungeon overview: The Dungeons of Doom: levels 1 to 3 Level 1 a long staircase Level 2 stairs to The Gnomish Mines Level 3 an altar The Gnomish Mines: levels 3 to 6 Level 3 stairs to The Dungeons of Doom Level 6 <- You were here some shops, a temple, a magic chest, some fountains History has recorded: On T:1 you entered the Dungeons of Doom to retrieve the Amulet of Yendor! On T:339 you reached level 2 of The Dungeons of Doom. On T:618 you advanced to experience level 2. On T:896 you advanced to experience level 3. On T:1021 you reached level 1 of The Gnomish Mines. On T:1026 you advanced to experience level 4. On T:1129 you advanced to experience level 5. On T:1484 you advanced to experience level 6. On T:1727 you reached level 3 of The Dungeons of Doom. On T:1986 you reached level 2 of The Gnomish Mines. On T:2089 you advanced to experience level 7. On T:2340 you reached level 3 of The Gnomish Mines. On T:2619 you reached level 4 of The Gnomish Mines. On T:2706 you advanced to experience level 8. On T:4624 you advanced to experience level 9. Latest messages: [HP+1=61] [HP+1=62] [HP+1=63] [HP+1=64] [HP+1=65] [HP+1=66] The white unicorn butts! The white unicorn kicks! The white unicorn butts! The white unicorn kicks! [HP-21=45] The coyote bites! The white unicorn butts! The white unicorn kicks! The white unicorn butts! The white unicorn kicks! [HP-21=24] The white unicorn butts! The white unicorn kicks! The white unicorn butts! The white unicorn kicks! You die... Manlobbi looks at your corpse, shakes his head, and sighs. Final status: Goodbye Arrhythmia the Convict... You died in The Gnomish Mines on dungeon level 6 with 5872 points, and 0 pieces of gold, after 4763 moves. You were level 9 with a maximum of 96 hit points when you died.